 Dungeon Crawl Stone Soup version 0.24-a0-170-gd8427f5 (webtiles) character file.

Game seed: 13817893058654139877

42 Kurtz the Cudgeler (level 3, 0/29 HPs)
             Began as a Mummy Chaos Knight on Mar 9, 2019.
             Was a Plaything of Xom.
             Splashed by a jelly's acid (5 damage)
             ... on level 2 of the Dungeon.
             The game lasted 00:00:58 (1483 turns).

Kurtz the Cudgeler (Mummy Chaos Knight)             Turns: 1483, Time: 00:00:59

Health: 0/29       AC: -2    Str: 15    XL:     3   Next: 33%
Magic:  3/3        EV: 11    Int: 11    God:    Xom [.*....]
Gold:   67         SH:  0    Dex: 12    Spells: 2/2 levels left

rFire    x . .     SeeInvis .   f - +1 mace (venom)
rCold    + . .     Gourm    .   (no shield)
rNeg     + + +     Faith    .   b - +2 leather armour
rPois    ∞         Spirit   .   (no helmet)
rElec    .         Reflect  .   (no cloak)
rCorr    .         Harm     .   (no gloves)
MR       .....                  (no boots)
Stlth    +.........             (no amulet)
HPRegen  0.09/turn              (no ring)
MPRegen  0.08/turn              (no ring)

@: corroded
A: no food or potions, fire vulnerability, cold resistance 1, negative energy
resistance 3, torment resistance, unbreathing
a: Renounce Religion


You were on level 2 of the Dungeon.
You worshipped Xom.
You were a plaything of Xom.
You were not hungry.

You visited 1 branch of the dungeon, and saw 2 of its levels.

You collected 67 gold pieces.

Inventory:

Hand Weapons
 a - a +0 mace of chaos
 f - a +1 mace of venom (weapon)
Armour
 b - a +2 leather armour (worn)
Scrolls
 c - 3 scrolls of teleportation {unknown}
 d - a scroll of noise {unknown}
 e - 2 scrolls of identify {unknown}


   Skills:
 - Level 3.0 Fighting
 * Level 3.6 Maces & Flails
 - Level 1.5 Armour
 - Level 0.7 Dodging


You had 2 spell levels left.
You didn't know any spells.
Your spell library was empty.

Dungeon Overview and Level Annotations

Branches:
Dungeon (2/15)

Altars:

Annotations:
D:2 1 runed translucent door, Crazy Yiuf


Innate Abilities, Weirdness & Mutations

You do not eat or drink.
Your flesh is vulnerable to fire.
You are immune to poison.
Your flesh is cold resistant. (rC+)
You are immune to negative energy. (rN+++)
You are immune to unholy pain and torment.
You can survive without breathing.


Message History

A jelly is nearby!
The jelly quivers.
The jelly barely misses you.
You hit the jelly. The acid corrodes you!
Your hands burn!
The jelly is moderately wounded.
The jelly closely misses you.
You hit the jelly.
The jelly is poisoned.
Your hands burn!
The jelly is heavily wounded.
The jelly hits you.
You are splashed with acid!
You hit the jelly.
Your hands burn!
The jelly is severely wounded.
The jelly closely misses you.
You hit the jelly but do no damage. The acid corrodes you!
Your hands burn!
* * * LOW HITPOINT WARNING * * *
The jelly is severely wounded.
The jelly hits you.
* * * LOW HITPOINT WARNING * * *
The acid corrodes you!
You are splashed with acid.
You die...
Xom snickers!

#........#######
#.....!.....<...
#....###........
#........#.#####
#..####..#.#
...#.......#
#.#.#.####..#
#.#.#)...#..#
#..%.#@#..#
####†#J#..#
..#....# ####...
..### ###


You could see a jelly.

Vanquished Creatures
  An adder (D:1)
  A dart slug (D:1)
  5 bats
  2 giant cockroaches
  4 goblins (D:1)
  7 hobgoblins (D:1)
  4 frilled lizards (D:1)
  3 kobolds (D:1)
  2 rats (D:1)
29 creatures vanquished.

Notes
Turn   | Place    | Note
-------+----------+-------------------------------------------
     0 | D:1      | Kurtz the Mummy Chaos Knight began the quest for the Orb.
     0 | D:1      | Reached XP level 1. HP: 18/18 MP: 1/1
   187 | D:1      | XOM: cloud trail
   446 | D:1      | XOM: noise
   453 | D:1      | Reached XP level 2. HP: 21/24 MP: 2/2
  1067 | D:1      | XOM: 2-stop teleportation journey
  1079 | D:1      | Reached XP level 3. HP: 25/29 MP: 3/3
  1445 | D:2      | Found a runed translucent door.
  1446 | D:2      | Noticed Crazy Yiuf
  1478 | D:2      | XOM: polymorph ooze -> jelly
  1483 | D:2      | Splashed by a jelly's acid

Levels and vault maps discovered:
D:1:      saegor_arrival_miasma, layout_loops_ring
D:2:      layout_basic, lemuel_doored_altar, minitemple, minmay_crystal_water,
          minmay_heptomino_l4, uniq_sigmund, uniq_robin, uniq_jessica,
          uniq_crazy_yiuf_cottage

Skill      XL: |  1 |
---------------+----+-----
Maces & Flails | 3 |  3.6
Fighting       | |  3.0
Armour         | |  1.5
Dodging        | |  0.7

Action                   || total
-------------------------++-------
Melee: Mace              ||   102
 Stab: Confused          ||     1
Armor: Leather armour    ||    54
Dodge: Dodged            ||    72

Table legend:
 A = Non-vault XP
 B = Vault XP
 C = Vault XP percentage of total XP
 D = Non-vault monster count
 E = Vault monster count
 F = Vault count percentage of total count
                 A         B        C        D         E       F
            +---------+---------+-------+---------+---------+-------
      Total |      57 |       3 |   5.0 |      27 |       2 |   6.9
            +---------+---------+-------+---------+---------+-------
        D:1 |      55 |       1 |   1.8 |      26 |       1 |   3.7
        D:2 |       2 |       2 |  50.0 |       1 |       1 |  50.0
            +---------+---------+-------+---------+---------+-------
